 Dungeon Crawl Stone Soup version 0.19-a0-1185-gacb3972 (webtiles) character file.

141 jacquesderrida the Cudgeler (level 5, -1/25 HPs)
             Began as a Vine Stalker Wanderer on Aug 18, 2016.
             Was an Initiate of Okawaru.
             Slain by an ogre
             ... wielding a +0 giant spiked club
              (17 damage)
             ... on level 4 of the Dungeon.
             The game lasted 00:06:20 (1232 turns).

jacquesderrida the Cudgeler (Vine Stalker Wanderer) Turns: 1232, Time: 00:06:21

Health: -1/25      AC:  6    Str: 16    XL:     5   Next: 24%
Magic:  0/9        EV:  9    Int: 12    God:    Okawaru [......]
Gold:   169        SH:  0    Dex: 13    Spells: 2 memorised, 4 levels left

rFire  . . .     SeeInvis +     o - +0 mace
rCold  . . .     Gourm    +     j - +0 scale mail
rNeg   . . .     Faith    .     (no shield)
rPois  .         Spirit   +     (no helmet)
rElec  .         Dismiss  .     (no cloak)
rCorr  .         Reflect  .     (no gloves)
MR     .....     Harm     .     (no boots)
Stlth  +.........               v - amulet of the gourmand
                                y - ring of wizardry
                                m - ring of see invisible

@: no status effects
A: fangs 2, regeneration 1, magic shield, antimagic bite, no device heal 3, rot
immunity
a: Renounce Religion


You were on level 4 of the Dungeon.
You worshipped Okawaru.
Okawaru was noncommittal.
You were not hungry.

You visited 1 branch of the dungeon, and saw 4 of its levels.

You collected 169 gold pieces.

Inventory:

Hand Weapons
 b - a +0 falchion
 d - a +0 dagger
 e - a +2 short sword of venom
 i - a +0 club
 o - a +0 mace (weapon)
Armour
 c - a +0 robe
 g - a +0 leather armour
 j - a +0 scale mail (worn)
Jewellery
 m - a ring of see invisible (left hand)
 v - an amulet of the gourmand (around neck)
 y - a ring of wizardry (right hand)
Scrolls
 h - 2 scrolls of identify {unknown}
 l - a scroll of fear {unknown}
 p - a scroll of blinking {unknown}
 q - 3 scrolls of teleportation {unknown}
Potions
 k - 4 potions of curing {unknown}
 s - a potion of magic {unknown}
 t - a potion of resistance {unknown}
 w - a potion of brilliance {unknown}
 x - a potion of ambrosia {unknown}
Books
 a - a book of Minor Magic

   Spells                             Type                      Level
   a - Magic Dart                     Conjuration                  1
   b - Blink                          Translocation                2
   c - Call Imp                       Summoning                    2
   d - Repel Missiles                 Charms/Air                   2
   e - Slow                           Hexes                        2
   f - Conjure Flame                  Conjuration/Fire             3
   g - Mephitic Cloud                 Conjuration/Poison/Air       3
Comestibles
 f - 3 bread rations
 n - 2 fruits
 u - a meat ration


   Skills:
 - Level 1.0 Fighting
 - Level 2.1 Long Blades
 + Level 3.7 Maces & Flails
 - Level 3.6 Stealth
 - Level 2.1 Spellcasting
 - Level 1.0 Charms
   Level 2.0 Necromancy


You had 4 spell levels left.
You knew the following spells:

 Your Spells              Type           Power        Failure   Level  Hunger
b - Blink                 Tloc           N/A          77%         2    ###....
m - Repel Missiles        Chrm/Air       #.....       67%         2    ###....


Dungeon Overview and Level Annotations

Branches:
Dungeon (4/15)
 Temple: D:4-7

Altars:
Cheibriados
Dithmenos
Elyvilon
Nemelex Xobeh
Okawaru
Ru
Trog

Annotations:
D:3 Gagarin's ghost, amateur HOGl


Innate Abilities, Weirdness & Mutations

You have extremely sharp teeth.
Your natural rate of healing is unusually fast.
When hurt, damage is shared between your health and your magic reserves.
Your bite disrupts and absorbs the magic of your enemies.
Potions and wands cannot restore your health.
You are immune to rotting.


Message History

You hear the rusting of a very distant drain.
There is a stone staircase leading up here.
You start eating one of the 2 beef jerkies.
That beef jerky was delicious!
You start eating the beef jerky.
That beef jerky was delicious!
Found 9 gold pieces.
Found a stone staircase leading down.
You now have 169 gold pieces (gained 9).
An ogre comes into view. It is wielding a giant spiked club.
The ogre shouts!
The ogre barely misses you.
You hit the ogre.
The ogre is lightly wounded.
The ogre hits you with a giant spiked club!
You hit the ogre.
The ogre is moderately wounded.
The ogre hits you with a giant spiked club!!
Ouch! That really hurt!
You die...

#.#...## #.# #.(#
#.##....# #.# #..#
## ##..## #.#####
#O.#
#.#..####.....#
#..# #.......####.#
# #..#
###.###.####.####.#
#..
#................#
#.#
#...###.>.........#
#.## .###
######@###.## #..<
#O# #.## #.# #.#
#.. #.# ##. ..# .#
### .# .#


You could see an ogre.

Vanquished Creatures
  An orc wizard (D:4)
  A hound (D:4)
  Natasha (D:4)
  A gnoll (D:1)
  An adder (D:2)
  An ooze (D:3)
  A dart slug (D:2)
  2 giant geckos (D:2)
  An orc (D:4)
  3 giant cockroaches (D:2)
  3 goblins (D:2)
  5 hobgoblins
  2 ball pythons (D:2)
  3 bats
  5 giant newts
  2 kobolds
  5 rats
38 creatures vanquished.

Notes
Turn   | Place    | Note
-------+----------+-------------------------------------------
     0 | D:1      | jacquesderrida the Vine Stalker Wanderer began the quest for the Orb.
     0 | D:1      | jacquesderrida set off with: a book of Minor Magic, a +0 falchion, a +0 robe, a +0 dagger, a bread ration
     0 | D:1      | Reached XP level 1. HP: 10/10 MP: 4/4
   221 | D:2      | Reached XP level 2. HP: 14/14 MP: 4/6
   350 | D:3      | Found a shadowy altar of Dithmenos.
   352 | D:3      | Found a sacrificial altar of Ru.
   401 | D:3      | Found a snail-covered altar of Cheibriados.
   404 | D:3      | Found a white marble altar of Elyvilon.
   404 | D:3      | Found a bloodstained altar of Trog.
   428 | D:3      | Noticed Gagarin's ghost (amateur HOGl)
   445 | D:2      | Reached skill level 1 in Maces & Flails
   462 | D:2      | Reached XP level 3. HP: 16/18 MP: 7/7
   468 | D:2      | Found an iron altar of Okawaru.
   474 | D:2      | Became a worshipper of Warmaster Okawaru
   781 | D:2      | Reached XP level 4. HP: 20/22 MP: 8/8
   861 | D:3      | Found a sparkling altar of Nemelex Xobeh.
   974 | D:4      | Noticed Natasha
   981 | D:4      | Killed Natasha
  1023 | D:4      | Learned a level 2 spell: Repel Missiles
  1026 | D:4      | Learned a level 2 spell: Blink
  1167 | D:4      | Reached XP level 5. HP: 11/25 MP: 4/9
  1175 | D:4      | Noticed an ogre
  1229 | D:4      | Noticed an ogre
  1232 | D:4      | Slain by an ogre

Vault maps used:
D:1:      lightli_arrival_statue_moat
D:2:      okawaru_ov_weapons_minmay
D:3:      nicolae_overflow_hidden_temple, first_bread,
          nemelex_diamond_rough_becter
D:4:      gup_sewer_entry_pipe, uniq_natasha

Skill      XL: |  1  2  3  4 |
---------------+-------------+-----
Long Blades    | 2 |  2.1
Maces & Flails | 1 2 3 |  3.7
Fighting       | |  1.0
Stealth        | |  3.6
Spellcasting   | |  2.1
Charms         | |  1.0
Necromancy     | |  2.0

Action                   |  1- 3 |  4- 6 || total
-------------------------+-------+-------++-------
Melee: Falchion          |    94 |       ||    94
       Bite              |    24 |     5 ||    29
       Mace              |     8 |    32 ||    40
 Stab: Sleeping          |     3 |       ||     3
  Eat: Beef jerky        |       |     2 ||     2
Armor: Leather armour    |    24 |       ||    24
       Scale mail        |    19 |    11 ||    30
Dodge: Dodged            |    53 |    12 ||    65
